 Dungeon Crawl Stone Soup version 0.28-a0-1447-ga5a8893891 (webtiles) character file.

Game seed: 12026878165414397334

831 squill the Conjurer (level 7, -4/66 HPs)
             Began as a Hill Orc Conjurer on Jan 12, 2022.
             Was a Priest of Qazlal.
             Slain by Edmund (8 damage)
             ... on level 5 of the Dungeon.
             The game lasted 00:12:50 (6325 turns).

squill the Conjurer (Hill Orc Conjurer)             Turns: 6325, Time: 00:12:51

Health: -4/66      AC:  4    Str:  8 (10) XL:     7   Next: 98%
Magic:  4/11       EV: 11    Int: 19 (20) God:    Qazlal [***...]
Gold:   198        SH:  4    Dex:  8 (9)  Spells: 9/12 levels left

rFire   . . .      SeeInvis .   c - +2 war axe (elec)
rCold   . . .      Faith    .   (no shield)
rNeg    . . .      Spirit   .   e - +0 leather armour
rPois   .          Reflect  .   (no helmet)
rElec   .          Harm     .   (no cloak)
rCorr   .          Rampage  .   (no gloves)
Will    .....                   k - +0 pair of boots
Stlth   +.........              (no amulet)
HPRegen 0.21/turn               (no ring)
MPRegen 0.12/turn               (no ring)

@: no status effects
A: claws 1, deterioration 1, robust 1
a: Renounce Religion, Upheaval, Elemental Force


You were on level 5 of the Dungeon.
You worshipped Qazlal.
Qazlal was most pleased with you.
You visited 1 branch of the dungeon, and saw 5 of its levels.

You collected 198 gold pieces.

Inventory:

Hand Weapons
 c - a +2 war axe of electrocution (weapon)
 j - a +0 quarterstaff
 m - a +1 dagger of electrocution
Armour
 a - a +0 ring mail
 e - a +0 leather armour (worn)
 k - a +0 pair of boots (worn)
Jewellery
 r - a ring of ice
Scrolls
 b - 2 scrolls of amnesia
 f - a scroll of enchant weapon {unknown}
 g - a scroll of fog
 h - a scroll of teleportation {unknown}
 o - 3 scrolls of identify
Potions
 d - 2 potions of mutation
 l - a potion of magic {unknown}
 n - a potion of degeneration {unknown}
 p - 2 potions of curing
 q - a potion of flight


   Skills:
 + Level 4.3 Fighting
 * Level 3.5 Axes
 + Level 3.8 Armour
 - Level 1.5 Dodging
 - Level 1.5 Stealth
 + Level 3.2 Spellcasting
 + Level 5.4 Conjurations
 + Level 3.6 Invocations


You had 9 spell levels left.
You knew the following spells:

 Your Spells              Type           Power      Damage    Failure   Level
a - Magic Dart            Conj           92%        1d7       2%          1
b - Searing Ray           Conj           46%        2d6       3%          2

Your spell library contained the following spells:

 Spells                   Type           Power      Damage    Failure   Level
 Dazzling Flash           Conj/Hex       26%        N/A       21%         3
 Apportation              Tloc           6%         N/A       22%         1
 Slow                     Hex            12%        N/A       22%         1
 Confusing Touch          Hex            3%         N/A       54%         3
 Tukima's Dance           Hex            3%         N/A       54%         3
 Vampiric Draining        Necr           3%         2d6       54%         3
 Fulminant Prism          Conj/Hex       6%         3d7       56%         4
 Iskenderun's Mystic Bla  Conj/Tloc      13%        2d5       56%         4
 Anguish                  Hex/Necr       1%         N/A       91%         4
 Alistair's Intoxication  Tmut/Pois      2%         N/A       99%         5
 Enfeeble                 Hex            1%         N/A       100%        7


Dungeon Overview and Level Annotations

Branches:
Dungeon (5/15)
 Temple: D:4-7

Altars:
Qazlal

Shops:
D:5 (

Annotations:
D:4 2 transporters, a3don's ghost, amateur HOMo
D:5 Edmund


Innate Abilities, Weirdness & Mutations

You have sharp fingernails.
Your body sometimes deteriorates upon taking damage.
You are robust. (+10% HP)


Message History

(Press . to maintain the ray.)
The searing ray hits Edmund but does no damage.
Edmund is heavily wounded.
Edmund hits you with a +2 flail of protection!
The searing ray hits Edmund.
Edmund is heavily wounded.
You are starting to lose your buoyancy.
Edmund hits you with a +2 flail of protection!
* * * LOW HITPOINT WARNING * * *
Your body deteriorates!
You feel weakened.
The searing ray hits Edmund but does no damage.
Edmund is heavily wounded.
You finish channelling your searing ray.
Edmund hits you with a +2 flail of protection!
* * * LOW HITPOINT WARNING * * *
There is a stone staircase leading up, spattered with blood here.
You float gracefully downwards.
Edmund says, "What use are spells, anyway?"
There is an open door here.
There is an open door here.
Really walk into that dispersal trap?
You enter a dispersal trap!
You blink.
You see here a +0 spear.
Things that are here:
a +0 flail; a +0 whip; a gnoll skeleton A gnoll comes into view.
It is wielding a +0 halberd.
The gnoll shouts!
The gnoll barely misses you.
As you read the scroll labelled FEALLUZ RUISU, it crumbles to dust.
It is a scroll of identify.
b - 2 scrolls of amnesia Edmund hits you with a +2 flail of protection!
* * * LOW HITPOINT WARNING * * *
Your body deteriorates!
You feel clumsy.
The gnoll hits you from afar with a +0 halberd.
* * * LOW HITPOINT WARNING * * *
As you read the scroll labelled VOSTAE BOGAMO, it crumbles to dust.
The scroll dissolves into smoke.
It was a scroll of fog.
Edmund hits you with a +2 flail of protection!
You die...

## .## ..# ####
..# ...## ..# ...#
..# g§# ..## #§#
...#############@#
.....)).......§@§#
.##.##############
###.# #.# #.# ..#
###


You could see Edmund and a gnoll.

Vanquished Creatures
  Sigmund (D:3)
  Eustachio (D:4)
  2 ogres (D:5)
  A scorpion (D:4)
  A hound (D:5)
  A centaur skeleton (D:4)
  An orc wizard (D:4)
  2 hound skeletons
  6 adders
  3 gnolls (D:5)
  An ufetubus (D:4)
  3 adder skeletons
  2 worms
  5 dart slugs
  14 orcs
  7 ball pythons
  7 bats
  2 endoplasms (D:1)
  4 giant cockroaches
  7 goblins
  8 hobgoblins
  2 quokkas
  4 ball python skeletons (D:2)
  3 ball python zombies (D:2)
  3 giant cockroach zombies (D:2)
  2 jackal skeletons (D:2)
  8 kobolds
  A quokka skeleton (D:2)
  A quokka zombie (D:2)
  5 rats
108 creatures vanquished.

Vanquished Creatures (others)
  5 toadstools (D:1)
  2 withered plants (D:2)
7 creatures vanquished.

Grand Total: 115 creatures vanquished

Notes
Turn   | Place    | Note
-------+----------+-------------------------------------------
     0 | D:1      | squill the Hill Orc Conjurer began the quest for the Orb.
     0 | D:1      | Reached XP level 1. HP: 14/14 MP: 3/3
    73 | D:1      | Found a faded altar of an unknown god.
    87 | D:1      | Prayed at the altar of an unknown god.
    87 | D:1      | Became a worshipper of Qazlal Stormbringer
    87 | D:1      | Reached * piety under Qazlal
   105 | D:1      | Reached XP level 2. HP: 5/22 MP: 1/4
   394 | D:1      | Reached skill level 1 in Fighting
   423 | D:1      | Learned a level 2 spell: Searing Ray
   489 | D:1      | Reached skill level 1 in Armour
   802 | D:1      | Reached XP level 3. HP: 28/28 MP: 0/5
  1204 | D:2      | Reached ** piety under Qazlal
  1541 | D:2      | Reached XP level 4. HP: 35/36 MP: 1/7
  2692 | D:3      | Reached XP level 5. HP: 29/42 MP: 5/8
  2795 | D:3      | Noticed Sigmund
  2810 | D:3      | Gained mutation: Your body sometimes deteriorates upon
                  | taking damage. [potion of mutation]
  2810 | D:3      | Gained mutation: You have sharp fingernails. [potion of
                  | mutation]
  2810 | D:3      | Gained mutation: You are robust. (+10% HP) [potion of
                  | mutation]
  2870 | D:4      | Reached skill level 1 in Invocations
  3119 | D:4      | Reached *** piety under Qazlal
  3148 | D:3      | Killed Sigmund
  3149 | D:3      | Reached XP level 6. HP: 31/56 MP: 1/10
  3501 | D:3      | Reached skill level 5 in Conjurations
  4161 | D:4      | Reached skill level 1 in Axes
  4238 | D:4      | Reached XP level 7. HP: 37/62 MP: 11/11
  4593 | D:4      | Found a transporter.
  4605 | D:4      | Noticed a3don's ghost (amateur HOMo)
  4605 | D:4      | Identified the +9 great mace "Niheg" {vorpal, rN+++ Will-
                  | Str-2 Stlth+}
  5453 | D:4      | Found a transporter.
  5476 | D:5      | Entered Level 5 of the Dungeon
  5482 | D:5      | Noticed Eustachio
  5505 | D:4      | Killed Eustachio
  5768 | D:5      | HP: 1/64 [ogre (16)]
  6083 | D:5      | Found Heytuf's Antique Weapon Emporium.
  6216 | D:5      | Noticed Edmund
  6325 | D:5      | Slain by Edmund

Illustrated notes

Levels and vault maps discovered:
D:1:      ldierk_walled_garden, layout_rooms, serial_rivers,
          chequers_serial_rivers_large_a, chequers_serial_rivers_room_b,
          chequers_serial_rivers_micro_b, chequers_serial_rivers_micro_b,
          chequers_serial_rivers_micro_d, dreamdust_ecumenical_altar_statues,
          patterned_corridor
D:2:      layout_loops_ring, serial_undead, serial_undead_d, serial_undead_f,
          serial_undead_f, serial_undead_a, serial_undead_a, serial_undead_f,
          serial_undead_a, serial_undead_c, serial_undead_e, serial_undead_e
D:3:      layout_loops_ring, minmay_fractal_squares_5, uniq_sigmund
D:4:      layout_layer_cave, gammafunk_ghost_smash,
          chequers_serial_rivers_micro_d, minmay_misc_feat_roman
D:5:      layout_rooms, lemuel_blue_sif_altar, serial_shops,
          nicolae_shop_behind_doors, uniq_eustachio, uniq_edmund

Skill      XL: |  1  2  3  4  5  6  7 |
---------------+----------------------+-----
Fighting       | 1 2 3 4 |  4.3
Armour         | 1 2 3 |  3.8
Spellcasting   | 2 3 |  3.2
Invocations    | 2 3 |  3.6
Conjurations   | 5 |  5.4
Axes           | 1 3 |  3.5
Dodging        | |  1.5
Stealth        | |  1.5

Action                   |  1- 3 |  4- 6 |  7- 9 || total
-------------------------+-------+-------+-------++-------
Melee: Unarmed           |    42 |       |       ||    42
       Quarterstaff      |    18 |    15 |       ||    33
       Dagger            |       |    52 |       ||    52
       Punch             |       |     1 |     1 ||     2
       War axe           |       |    18 |    38 ||    56
 Cast: Magic Dart        |    63 |    44 |     6 ||   113
       Searing Ray       |       |    18 |    10 ||    28
  Use: Potion            |       |     2 |     2 ||     4
       Scroll            |       |       |     2 ||     2
Armor: Robe              |     3 |       |       ||     3
       Leather armour    |    10 |    38 |    20 ||    68
Dodge: Dodged            |    35 |    67 |    45 ||   147
Block: Other             |     4 |    13 |    11 ||    28

Table legend: (Time is in decaauts)
 A = Elapsed time spent in this place.
 B = Non-inter-level travel time spent in this place.
 C = Inter-level travel time spent in this place.
 D = Time resting spent in this place.
 E = Time spent auto-exploring this place.
 F = Levels seen in this place.
 G = Mean time per level.
                   A        B        C        D        E       F      G
               +--------+--------+--------+--------+--------+-----+--------+
         Total |   6374 |   6217 |    157 |   1266 |   3974 |   5 | 1274.8 |
       Dungeon |   6374 |   6217 |    157 |   1266 |   3974 |   5 | 1274.8 |
               +--------+--------+--------+--------+--------+-----+--------+

Top non-repeatable levels by time:
     D:4: 2140 daAuts
     D:2: 1274 daAuts
     D:3: 1218 daAuts
     D:1: 1157 daAuts
     D:5: 583 daAuts
